 Dungeon Crawl Stone Soup version 0.31.0-4-g52a2dc7128 (webtiles) character file.

Game seed: 2937033897596919061

208179 Arex the Brawler (level 17, -1/235 (267) HPs)
             Began as a Troll Chaos Knight on Jan 22, 2024.
             Was the Champion of Jiyva.
             Succumbed to a redback's poison
             ... on level 3 of the Spider Nest on Jan 23, 2024.
             The game lasted 01:19:42 (25243 turns).

Arex the Brawler (Troll Chaos Knight)              Turns: 25243, Time: 01:19:42

HP:   -1/235 (267)  AC: 17    Str: 27    XL:     17   Next: 36%
MP:   16/16         EV: 12    Int:  8    God:    Jiyva [******]
Gold: 1174          SH: 14    Dex:  7    Spells: 16/16 levels left

rFire   + .          .
                       - Unarmed
rCold   . . .        W - +0 tower shield
rNeg    . . .        h - +1 shadow dragon scales
rPois   +            (helmet restricted)
rElec   +            U - +0 cloak of the Skies Above {rElec Will+ Str-3}
rCorr   +            (gloves unavailable)
SInv    +            (boots unavailable)
Will    +++..        I - amulet of the acrobat Stlth
                     p - +5 ring of evasion
HPRegen 2.99/turn    i - ring "Xairen" {rElec Will+ Int+2 Slay+2 SInv}
MPRegen 0.95/turn

%: random rage (3%), acrobat
@: berserking, lethally poisoned (-1 -> -48), heavily drained, very quick
A: large, unfitting armour, claws 3, regeneration 1, shaggy fur 1, tough skin 1,
fangs 1, iridescent scales 1, berserk 1, clumsy 1, dopey 1, fire resistance 1,
poison resistance, pseudopods 2, evolution 1
}: 2/15 runes: decaying, slimy
a: Renounce Religion, Oozemancy, Slimify


You were on level 3 of the Spider Nest.
You worshipped Jiyva.
Jiyva was exalted by your worship.
You visited 7 branches of the dungeon, and saw 33 of its levels.
You also visited: Bailey and Gauntlet.

You collected 2094 gold pieces.
You spent 920 gold pieces at shops.

Inventory:

Hand Weapons
 m - a +1 trident of flaming
Missiles
 u - 19 large rocks (quivered)
 O - 7 silver javelins
Armour
 h - +1 shadow dragon scales (worn)
 J - a +1 cloak of poison resistance
 P - +3 fire dragon scales
 U - the +0 cloak of the Skies Above (worn) {rElec Will+ Str-3}
   (You found it in a Gauntlet)

   Str-3:     It affects your strength (-3).
   rElec:     It insulates you from electricity.
   Will+:     It increases your willpower.
 W - a +0 tower shield (worn)
Jewellery
 i - the ring "Xairen" (right claw) {rElec Will+ Int+2 Slay+2 SInv}
   (You acquired it on level 8 of the Dungeon)

   [ring of see invisible]

   Int+2:     It affects your intelligence (+2).
   Slay+2:    It affects your accuracy & damage with ranged weapons and melee
   (+2).
   rElec:     It insulates you from electricity.
   Will+:     It increases your willpower.
   SInv:      It lets you see invisible.
 p - a +5 ring of evasion (left claw)
 y - a ring of fire
 B - a ring of resist corrosion
 I - an amulet of the acrobat (around neck)
 K - a ring of poison resistance
 Y - an amulet of regeneration
 Z - a ring of fire
Wands
 b - a wand of iceblast (38)
 e - a wand of polymorph (24)
 f - a wand of flame (51)
 x - a wand of mindburst (30)
 E - a wand of quicksilver (10)
 M - a wand of paralysis (14)
Scrolls
 c - 3 scrolls of noise
 g - 4 scrolls of amnesia
 j - 2 scrolls of torment
 o - a scroll of enchant armour
 r - 4 scrolls of fear
 s - a scroll of fog
 w - 4 scrolls of immolation
 A - 2 scrolls of teleportation
 C - 4 scrolls of blinking
 D - a scroll of summoning
 L - 2 scrolls of poison
 X - a scroll of silence
Potions
 d - 8 potions of curing
 k - a potion of lignification
 l - 2 potions of ambrosia
 n - a potion of attraction
 q - 6 potions of enlightenment
 t - a potion of mutation
 v - 6 potions of brilliance
 z - 2 potions of might
 F - a potion of invisibility
 G - 2 potions of magic
 N - 2 potions of resistance
 S - 2 potions of berserk rage
 T - 4 potions of haste
 V - a potion of heal wounds
Miscellaneous
 Q - a phantom mirror (inert)
 R - a condenser vane (inert)


   Skills:
 + Level 13.5 Fighting
 - Level 7.6 Throwing
 + Level 10.9 Armour
 + Level 13.2 Dodging
 * Level 10.1 Shields
 + Level 15.7 Unarmed Combat


You had 16 spell levels left.
You didn't know any spells.
Your spell library contained the following spells:

 Spells                   Type           Power      Damage    Failure   Level
 Slow                     Hex            0%         N/A       99%         1
 Blink                    Tloc           0%         N/A       100%        2
 Cigotuvi's Dreadful Rot  Necr/Alch/Air  0%         N/A       100%        2
 Jinxbite                 Hex            0%         N/A       100%        2
 Lesser Beckoning         Tloc           0%         N/A       100%        2
 Momentum Strike          Conj/Tloc      0%         3d8       100%        2
 Sublimation of Blood     Necr           0%         N/A       100%        2
 Confusing Touch          Hex            0%         N/A       100%        3
 Dazzling Flash           Conj/Hex       0%         N/A       100%        3
 Gell's Gravitas          Tloc           0%         N/A       100%        3
 Hailstorm                Conj/Ice       0%         3d5       100%        3
 Inner Flame              Hex/Fire       0%         N/A       100%        3
 Ozocubu's Armour         Ice            0%         N/A       100%        3
 Sigil of Binding         Hex            0%         N/A       100%        3
 Teleport Other           Tloc           0%         N/A       100%        3
 Tukima's Dance           Hex            0%         N/A       100%        3
 Vampiric Draining        Necr           0%         2d6       100%        3
 Volatile Blastmotes      Fire/Tloc      0%         2d10      100%        3
 Dimensional Bullseye     Hex/Tloc       0%         N/A       100%        4
 Flame Wave               Conj/Fire      0%         2d4       100%        4
 Ignite Poison            Fire/Alch      0%         N/A       100%        4
 Iskenderun's Mystic Bla  Conj/Tloc      0%         2d3       100%        4
 Petrify                  Alch/Erth      0%         N/A       100%        4
 Sticky Flame             Fire/Alch      0%         2d4       100%        4
 Summon Blazeheart Golem  Fire/Summ      0%         N/A       100%        4
 Alistair's Intoxication  Alch           0%         N/A       100%        5
 Borgnjor's Vile Clutch   Necr/Erth      0%         N/A       100%        5
 Freezing Cloud           Conj/Ice/Air   0%         6-21      100%        5
 Irradiate                Conj/Alch      0%         3d11      100%        5
 Yara's Violent Unravell  Hex/Alch       0%         3d3       100%        5
 Dispersal                Tloc           0%         N/A       100%        6
 Eringya's Noxious Bog    Alch           0%         4d6       100%        6
 Starburst                Conj/Fire      0%         6d3       100%        6
 Enfeeble                 Hex            0%         N/A       100%        7
 Haunt                    Necr/Summ      0%         N/A       100%        7
 Orb of Destruction       Conj           0%         9d5       100%        7
 Ozocubu's Refrigeration  Ice            0%         4d7       100%        7
 Spellforged Servitor     Conj/Summ      0%         N/A       100%        7
 Ignition                 Fire           0%         3d3       100%        8
 Maxwell's Capacitive Co  Air            0%         ∞         100%        8


Dungeon Overview and Level Annotations

Branches:
Dungeon (13/15) Zot: 26128  Temple (1/1) D:6 Zot: 5998    Lair (5/5) D:10 Zot: 25451
  Swamp (4/4) Lair:3 Zot: 19663  Spider (3/4) Lair:3 Zot: 14318   Slime (5/5) Lair:4 Zot: 26895
    Orc (2/2) D:12 Zot: 10330     Elf (0/3) Orc:2        Vaults (0/5) D:13
 Bailey (visited)         Gauntlet (visited)

Altars:
Ashenzari
Cheibriados
Dithmenos
Elyvilon
Fedhas
Gozag
Hepliaklqana
Kikubaaqudgha
Makhleb
Nemelex Xobeh
Okawaru
Qazlal
Ru
Sif Muna
Trog
Uskayaw
Vehumet
Wu Jian
Xom
Yredelemnul
Zin
The Shining One
Jiyva

Shops:
D:1 =   D:3 ?   D:4 (   Orc:2 =[[[

Annotations:
Lair:5 exclusion: obsidian statue
Spider:1 3 runed translucent doors, Qyadack's ghost, adept HOFi
Spider:3 2 transporters, Zosacw's ghost, adept HaHu


Innate Abilities, Weirdness & Mutations

You are too large for most types of armour.
You have claws for hands.
Your natural rate of healing is unusually fast.
You are covered in fur. (AC +1)
You have tough skin. (AC +1)
You have very sharp teeth.
You are partially covered in iridescent scales. (AC +2)
You sometimes lose your temper in combat.
You are clumsy. (Dex -2)
You are dopey. (Int -2)
Your flesh is heat resistant. (rF+)
Your system is resistant to poisons. (rPois)
Armour fits poorly on your large pseudopods.
You have hidden genetic potential.


Message History

Unknown command.
You claw the moth of wrath!
You kill the moth of wrath!
A freezing mist starts to gather...
A moth of wrath simulacrum comes into view.
You feel extremely sick. The redback misses you.
The redback bites you but does no damage.
The redback bites you!
* * * LOW HITPOINT WARNING * * *
You claw the redback! You bite the redback! You bludgeon the redback!
The redback is almost dead.
You feel extremely sick. You block the redback's attack.
The redback barely misses you. The redback bites you!!
* * * LOW HITPOINT WARNING * * *
You are more poisoned.
The redback poisons you!
You mangle the redback!!
You kill the redback!
A freezing mist starts to gather...
A redback simulacrum comes into view.
* * * LOW HITPOINT WARNING * * *
You feel extremely sick. The redback closely misses you.
The moth of wrath simulacrum misses you.
You are too berserk!
You are too berserk!
You are too berserk!
You mangle the redback!! You bludgeon the redback!
The redback is almost dead.
* * * LOW HITPOINT WARNING * * *
You feel extremely sick. The redback barely misses you.
You block the redback's attack.
You closely miss the redback. You bite the redback.
You kill the redback!
A freezing mist starts to gather...
A redback simulacrum comes into view.
You die...
Xom roars with laughter!

.....†....## #..#).###.###..#..
...........#####..#(.#8#.#8#..#..
.......#.†.##^##..#!..........#..
.....#.##††...##.©#?..).©..B.B#©.
..#..#####........#).$........#..
####..#.^##...^...#).#8#.#8#..#..
...####...#...#Z..#Z.###.###B.#..
..........##..##Z.#B.........Z#..
...........#####@.#..........©#..
.....^###......#.Z#############..
......#.#......#.................
##^.....##.......................
#........###^.....#........######
####.....^.#......#..#...###
..##..#.#..###..^#####...#
..#..####..#.#.^##......##
.########....####....^.##


You could see a spectral wolf spider, a death scarab, 2 redback simulacra and a
moth of wrath simulacrum.

Vanquished Creatures
  Mara (Swamp:3)
  Nikola (Spider:2)
  A shard shrike zombie (Swamp:2)
  A tentacled monstrosity (Swamp:1)
  Jorgrun (D:13)
  Mlioglotl (Swamp:3)
  4 thorn hunters
  Kirke (D:12)
  Donald (Spider:1)
  A fenstrider witch (Swamp:2)
  An emperor scorpion (Spider:3)
  Louise (Spider:1)
  2 ghost moths
  5 eleionomae
  A spark wasp (Spider:3)
  A minotaur (Gauntlet)
  4 bunyips
  Snorg (D:10)
  3 fire dragons
  A shambling mangrove (Swamp:3)
  Fannar (Lair:1)
  Josephine (D:12)
  An entropy weaver (Spider:3)
  17 hydras
  A kraken zombie (Swamp:2)
  Erolcha (Orc:1)
  An ogre mage (D:13)
  3 jorogumos
  5 boulder beetles
  A radroach (Spider:3)
  3 ghost crabs
  8 alligators
  A centaur warrior (D:13)
  5 death yaks (Lair:3)
  A catoblepas (D:13)
  3 two-headed ogres
  A demonic crawler (Spider:2)
  An orc high priest (Orc:2)
  A deep elf knight (D:13)
  Nergalle (D:12)
  3 pharaoh ants
  A death drake (Swamp:4)
  5 goliath frogs
  2 skeletal warriors
  2 spriggan druids
  5 orb spiders
  7 bog bodies
  7 swamp dragons
  Pikel (D:8)
  3 steelbarb worms
  3 lindwurms (Swamp:4)
  A sun moth (Spider:3)
  A deep elf zephyrmancer (D:13)
  An orange crystal statue (Gauntlet)
  2 deep elf pyromancers (D:13)
  7 orc knights
  10 wolf spiders
  6 cyclopes
  4 ugly things (D:13)
  7 will-o-the-wisps
  3 orc sorcerers
  3 moths of wrath
  Maurice (D:9)
  An elephant (Lair:5)
  6 meliai
  A black mamba (Lair:2)
  Maggie (D:6)
  4 cane toads
  A gargoyle (D:11)
  A torpor snail (Spider:1)
  3 centaur skeletons (D:13)
  2 efreet (D:13)
  2 kobold demonologists (D:11)
  8 komodo dragons
  Jeremiah (Lair:1)
  4 rime drakes
  4 yaktaurs (D:13)
  5 freezing wraiths (Swamp:2)
  2 bloated husks
  4 tyrant leeches
  A polar bear (Lair:4)
  Prince Ribbit (D:6)
  8 trolls
  14 hornets
  7 saltlings (Orc:2)
  17 blink frogs
  3 hydra skeletons (Swamp:2)
  14 jumping spiders
  36 tarantellas
  2 spectral black mambas (Lair:3)
  15 spriggans
  8 culicivoras
  3 wyverns
  2 shadows
  A spectral fire crab (Lair:3)
  33 yaks
  5 wraiths
  7 spriggan skeletons (Swamp:2)
  A hog (D:12)
  Grum (D:9)
  4 basilisks
  6 wargs
  10 vampire mosquitoes
  Menkaure (D:5)
  A fire elemental (Swamp:4)
  25 redbacks
  A spectral cane toad (Lair:3)
  3 steam dragons
  12 swamp worms
  An acid dragon (D:10)
  Edmund (D:5)
  8 water moccasins
  10 swamp drakes
  25 orc warriors
  A black bear (Lair:2)
  3 sky beasts
  35 wolves
  2 centaurs
  8 ogres
  2 lemures (D:8)
  2 phantoms
  7 kobold brigands
  7 bullfrogs
  3 gnoll sergeants
  5 scorpions
  7 wights (D:7)
  An elephant simulacrum (Lair:5)
  3 killer bees (D:6)
  2 electric eels
  3 howler monkeys
  3 bombardier beetles
  2 hounds (D:6)
  4 jellies
  19 orc priests
  A gnoll bouda (D:6)
  2 sleepcaps (D:5)
  Jessica (D:3)
  3 iguanas
  23 orc wizards
  4 hell rats (Lair:3)
  A boggart skeleton (D:13)
  Robin (D:3)
  26 gnolls
  5 adders
  A shadow imp (D:6)
  2 white imps
  2 ufetubi (D:6)
  3 dart slugs
  4 ribbon worms
  84 orcs
  7 endoplasms
  22 goblins
  20 hobgoblins
  3 jackals (D:1)
  A quokka (D:1)
  5 ball pythons
  6 frilled lizards
  26 kobolds
  A rat (D:1)
  2 tentacles (Swamp:2)
887 creatures vanquished.

Vanquished Creatures (collateral kills)
  A pharaoh ant (Spider:3)
  2 orb spiders
  2 jumping spiders
  Sigmund (D:3)
  A redback (Spider:3)
  A water moccasin (D:7)
  A bombardier beetle (D:3)
  An adder (D:3)
  An orc (D:3)
  A hobgoblin (Bailey)
  8 kobolds (D:8)
20 creatures vanquished.

Vanquished Creatures (others)
  An acid blob (Swamp:4)
  A thorn hunter (Swamp:4)
  A shambling mangrove (Swamp:4)
  A wolf spider (Spider:3)
  3 bloated husks (Swamp:2)
  A tarantella (Spider:3)
  A hornet (Swamp:3)
  A jumping spider (Spider:2)
  A spriggan (Swamp:2)
  A slime creature (D:12)
  A culicivora (Spider:2)
  2 hogs (D:12)
  A basilisk (Lair:4)
  3 swamp worms (Swamp:4)
  4 swamp drakes (Swamp:4)
  A wolf (Lair:4)
  An ogre (Orc:2)
  81 jellies
  4 orc priests
  3 orcs (Orc:2)
  An endoplasm (Lair:4)
  A kobold (D:11)
  44 foxfires
  2 starspawn tentacles (Swamp:3)
  6 tentacles (Swamp:2)
167 creatures vanquished.

Grand Total: 1074 creatures vanquished

Notes
Turn   | Place    | Note
-------+----------+-------------------------------------------
     0 | D:1      | Arex the Troll Chaos Knight began the quest for the Orb.
     0 | D:1      | Reached XP level 1. HP: 22/22 MP: 0/0
     1 | D:1      | Noticed an electric eel
    99 | D:1      | Found Fieniaz's Jewellery Shoppe.
   116 | D:1      | XOM: silly message
   123 | D:1      | Reached XP level 2. HP: 29/29 MP: 1/1
   185 | D:1      | XOM: silly message
   280 | D:1      | XOM: give mutations
   280 | D:1      | Gained mutation: Your muscles are strong. (Str +4, Int/Dex
                  | -1) [Xom's grace]
   280 | D:1      | Gained mutation: Your system is resistant to poisons.
                  | (rPois) [Xom's grace]
   280 | D:1      | Gained mutation: You expend magic power (3 MP) to
                  | strengthen your wands. [Xom's grace]
   280 | D:1      | Gained mutation: You have a pair of small horns on your
                  | head. [Xom's grace]
   541 | D:1      | XOM: god gift: curved bronze wand {god gift}
   782 | D:2      | Found a faded altar of an unknown god.
   807 | D:2      | Reached XP level 3. HP: 36/36 MP: 2/2
   861 | D:2      | XOM: silly message
   933 | D:2      | XOM: blink monster(s)
   968 | D:2      | Found a sacrificial altar of Ru.
  1073 | D:3      | Noticed Robin
  1096 | D:3      | Noticed Sigmund
  1100 | D:3      | Killed Sigmund
  1101 | D:3      | Reached skill level 4 in Unarmed Combat
  1101 | D:3      | Reached XP level 4. HP: 41/45 MP: 3/3
  1101 | D:3      | Reached XP level 5. HP: 49/53 MP: 4/4
  1155 | D:3      | Found Yraewnas's Magic Scroll Shoppe.
  1160 | D:3      | Bought a scroll of identify for 24 gold pieces
  1160 | D:3      | Bought a scroll of teleportation for 36 gold pieces
  1160 | D:3      | Bought a scroll of amnesia for 48 gold pieces
  1162 | D:3      | Reached skill level 8 in Unarmed Combat
  1162 | D:3      | Reached XP level 6. HP: 68/68 MP: 5/5
  1224 | D:3      | Reached XP level 7. HP: 63/76 MP: 6/6
  1294 | D:3      | Found a basalt altar of Yredelemnul.
  1379 | D:3      | Noticed Jessica
  1387 | D:3      | Killed Jessica
  1396 | D:3      | Killed Robin
  1455 | D:3      | XOM is BORED!
  1455 | D:3      | XOM: noise
  1504 | D:3      | XOM: give mutations
  1504 | D:3      | Gained mutation: You have sharp toenails. [Xom's grace]
  1504 | D:3      | Lost mutation: You have sharp toenails. [Xom's grace]
  1504 | D:3      | Gained mutation: You have large cloven feet. [Xom's grace]
  1504 | D:3      | Gained mutation: You are robust. (+10% HP) [Xom's grace]
  1504 | D:3      | Gained mutation: You have hidden genetic potential. [Xom's
                  | grace]
  1535 | D:3      | XOM: silly message
  1657 | D:4      | XOM: silly message
  1686 | D:4      | Found Uzoed's Weapon Shoppe.
  1687 | D:4      | XOM: silly message
  1736 | D:4      | Got the Secrets of the Beguiling Undead
  2020 | D:3      | Bought a scroll of identify for 24 gold pieces
  2020 | D:3      | Bought a scroll of fear for 48 gold pieces
  2020 | D:3      | Bought a scroll of fog for 48 gold pieces
  2030 | D:5      | Entered Level 5 of the Dungeon
  2058 | D:5      | Noticed Menkaure
  2070 | D:5      | XOM: silly message
  2074 | D:5      | Killed Menkaure
  2075 | D:5      | Reached XP level 8. HP: 18/95 MP: 7/7
  2320 | D:5      | XOM: noise
  2398 | D:5      | Found a snail-covered altar of Cheibriados.
  2399 | D:5      | Found a blossoming altar of Fedhas.
  2402 | D:5      | Found an ornate altar of the Wu Jian Council.
  2427 | D:5      | Gained mutation: You have very sharp teeth. [hidden
                  | potential]
  2508 | D:5      | Noticed Edmund
  2513 | D:5      | Killed Edmund
  2540 | D:5      | XOM: give mutation
  2540 | D:5      | Lost mutation: Your system is resistant to poisons. (rPois)
                  | [Xom's mischief]
  2898 | D:6      | XOM: divination: detect items
  3018 | D:6      | Reached skill level 9 in Unarmed Combat
  3154 | D:6      | Noticed Maggie
  3164 | D:6      | Reached XP level 9. HP: 95/103 MP: 8/8
  3166 | D:6      | XOM: noise
  3169 | D:6      | XOM: noise
  3172 | D:6      | Noticed Prince Ribbit
  3175 | D:6      | XOM: smoke on damage
  3423 | D:6      | Killed Prince Ribbit
  3447 | D:6      | Gained mutation: You heal very quickly. [hidden potential]
  3447 | D:6      | Lost mutation: You have hidden genetic potential. [hidden
                  | potential expressed]
  3716 | D:6      | XOM: enchant monster (bad)
  3717 | D:6      | XOM: smoke on damage
  3719 | D:6      | Killed Maggie
  3874 | D:6      | XOM: god gift: 2 blue potions {god gift}
  3896 | D:6      | XOM: summons 1 hostile demon
  3929 | D:6      | XOM: god gift: fizzy coppery potion {god gift}
  3950 | D:6      | XOM: torment (54/105 hp)
  3961 | D:6      | XOM: give mutations
  3961 | D:6      | Gained mutation: You have hidden genetic potential. [Xom's
                  | grace]
  3961 | D:6      | Gained mutation: You are very robust. (+20% HP) [Xom's
                  | grace]
  4023 | D:6      | XOM: swap monsters
  4083 | D:6      | XOM: scenery: summon butterflies
  4171 | D:6      | XOM: give mutations
  4171 | D:6      | Lost mutation: You have large cloven feet. [Xom's mischief]
  4171 | D:6      | Lost mutation: You have hidden genetic potential. [Xom's
                  | mischief]
  4171 | D:6      | Lost mutation: You have very sharp teeth. [Xom's mischief]
  4193 | D:6      | Found a staircase to the Ecumenical Temple.
  4203 | Temple   | Entered the Ecumenical Temple
  4253 | D:7      | Found a sacrificial altar of Ru.
  4320 | D:7      | Identified the +6 war axe of Wounding {drain, rCorr}
  4449 | D:7      | XOM: cleaving
  4473 | D:7      | XOM: give mutations
  4473 | D:7      | Gained mutation: You are agile. (Dex +4, Str/Int -1) [Xom's
                  | grace]
  4473 | D:7      | Gained mutation: You possess an exceptional clarity of
                  | mind. [Xom's grace]
  4473 | D:7      | Gained mutation: You have an increased reservoir of magic.
                  | (+10% MP) [Xom's grace]
  4473 | D:7      | Gained mutation: You are partially covered in iridescent
                  | scales. (AC +2) [Xom's grace]
  4565 | D:7      | XOM: cloud trail
  4666 | D:7      | XOM: give mutations
  4666 | D:7      | Gained mutation: You are resistant to electric shocks.
                  | (rElec) [Xom's grace]
  4666 | D:7      | Gained mutation: Your mind is acute. (Int +4, Str/Dex -1)
                  | [Xom's grace]
  4666 | D:7      | Gained mutation: Your spells are a little harder to cast,
                  | but a little more powerful. [Xom's grace]
  4666 | D:7      | Gained mutation: You regenerate. [Xom's grace]
  4673 | D:7      | XOM: fog
  4678 | D:7      | Reached skill level 1 in Armour
  4684 | D:7      | XOM: summons 3 friendly demons
  4730 | D:7      | XOM: summons 3 friendly demons
  4873 | D:7      | Reached XP level 10. HP: 123/124 MP: 10/10
  4956 | D:7      | XOM: give mutations
  4956 | D:7      | Gained mutation: You are mostly covered in iridescent
                  | scales. (AC +4) [Xom's grace]
  4956 | D:7      | Gained mutation: You have a pair of horns on your head.
                  | [Xom's grace]
  4956 | D:7      | Gained mutation: You have a pair of large horns on your
                  | head. [Xom's grace]
  4956 | D:7      | Gained mutation: Your muscles are very strong. (Str +8,
                  | Int/Dex -2) [Xom's grace]
  5122 | D:8      | Noticed a two-headed ogre
  5123 | D:8      | a two-headed ogre changed into a spriggan
  5123 | D:8      | XOM: polymorph two-headed ogre -> spriggan
  5167 | D:8      | XOM: god gift: 47 gold pieces
  5280 | D:8      | Reached skill level 10 in Unarmed Combat
  5289 | D:8      | Found a flagged portal.
  5337 | Bailey   | Entered a bailey
  5375 | Bailey   | XOM is BORED!
  5375 | Bailey   | XOM: give mutations
  5375 | Bailey   | Lost mutation: You have a pair of large horns on your head.
                  | [Xom's mischief]
  5375 | Bailey   | Lost mutation: You have an increased reservoir of magic.
                  | (+10% MP) [Xom's mischief]
  5375 | Bailey   | Lost mutation: You are agile. (Dex +4, Str/Int -1) [Xom's
                  | mischief]
  5571 | Bailey   | XOM: silly message
  5687 | Bailey   | Noticed an orc knight
  5705 | Bailey   | Killed an orc knight
  5751 | Bailey   | Noticed an orc knight
  5755 | Bailey   | XOM: potion effect (berserk rage)
  5757 | Bailey   | Killed an orc knight
  5758 | Bailey   | XOM: summons friendly crimson imp
  5855 | Bailey   | Noticed an orc warlord
  5866 | Bailey   | XOM: summons 2 friendly demons
  5889 | Bailey   | XOM: chaos upgrade
  5890 | Bailey   | HP: 3/127 [orc warlord/+7 broad axe (22)]
  5896 | Bailey   | XOM: enchant monster (bad)
  5982 | D:8      | Noticed Pikel
  5989 | D:8      | XOM: summons 6 friendly demons
  5995 | D:8      | Killed Pikel
  6158 | D:8      | Noticed a two-headed ogre
  6165 | D:8      | Killed a two-headed ogre
  6312 | D:8      | XOM: god gift: wand of iceblast (5)
  6342 | D:8      | Identified a scroll of acquirement
  6342 | D:8      | Acquired the ring "Xairen" {rElec Will+ Int+2 Slay+2 SInv}
  6381 | D:8      | XOM: noise
  6453 | D:9      | XOM: chaos cloud
  6458 | D:9      | Noticed Grum
  6460 | D:9      | Noticed Maurice
  6461 | D:9      | Reached XP level 11. HP: 133/135 MP: 10/10
  6474 | D:9      | XOM: divination: detect items
  6488 | D:9      | XOM: confuse monster(s)
  6490 | D:9      | XOM: summons friendly shadow imp
  6508 | D:9      | Killed Grum
  6521 | D:9      | Maurice stole a +1 trident of flaming
  6522 | D:9      | Killed Maurice
  6887 | D:9      | XOM: silly message
  7104 | D:10     | Entered Level 10 of the Dungeon
  7134 | D:10     | Noticed Snorg
  7184 | D:10     | Killed Snorg
  7185 | D:10     | Reached skill level 11 in Unarmed Combat
  7273 | D:10     | Found a staircase to the Lair.
  7300 | D:10     | XOM: 1-stop teleportation journey
  7349 | D:10     | XOM: silly message
  7453 | D:10     | XOM: divination: detect items
  7462 | D:10     | Found a stormy altar of Qazlal.
  7462 | D:10     | Found a hazy altar of Hepliaklqana.
  7468 | D:10     | Found a shimmering blue altar of Sif Muna.
  7474 | D:10     | Found a glowing golden altar of the Shining One.
  7474 | D:10     | Found a burning altar of Makhleb.
  7475 | D:10     | Found a glowing silver altar of Zin.
  7476 | D:10     | Found a hide-covered altar of Uskayaw.
  7477 | D:10     | Found a radiant altar of Vehumet.
  7478 | D:10     | Found an iron altar of Okawaru.
  7479 | D:10     | Found a white marble altar of Elyvilon.
  7809 | D:1      | Bought a ring of poison resistance for 260 gold pieces
  7988 | Lair:1   | XOM: stealth player
  7988 | Lair:1   | Entered Level 1 of the Lair of Beasts
  8010 | Lair:1   | Noticed Jeremiah
  8017 | Lair:1   | Killed Jeremiah
  8017 | Lair:1   | Noticed Fannar
  8025 | Lair:1   | Killed Fannar
  8026 | Lair:1   | Reached skill level 5 in Armour
  8048 | Lair:1   | XOM: give mutations
  8048 | Lair:1   | Lost mutation: Your muscles are very strong. (Str +8,
                  | Int/Dex -2) [Xom's mischief]
  8048 | Lair:1   | Gained mutation: You have large cloven feet. [Xom's
                  | mischief]
  8048 | Lair:1   | Lost mutation: Your spells are a little harder to cast, but
                  | a little more powerful. [Xom's mischief]
  8048 | Lair:1   | Lost mutation: You have large cloven feet. [Xom's mischief]
  8129 | Lair:1   | Found a sacrificial altar of Ru.
  8913 | Lair:2   | XOM: scenery: summon butterflies
  8921 | Lair:2   | Reached XP level 12. HP: 140/151 MP: 11/11
  8932 | Lair:2   | XOM: divination: detect items
  9040 | Lair:2   | XOM: enchant monster (bad)
  9058 | Lair:2   | Reached skill level 10 in Fighting
  9441 | Lair:2   | XOM: noise
  9658 | Lair:2   | XOM: torment (77/151 hp)
  9672 | Lair:2   | XOM: give mutation
  9672 | Lair:2   | Lost mutation: You regenerate. [Xom's mischief]
  9684 | Lair:3   | XOM: stat loss: -1 Dex (6/7)
  9757 | Lair:3   | Reached skill level 10 in Dodging
  9771 | Lair:3   | Reached skill level 12 in Unarmed Combat
  9866 | Lair:3   | Found a staircase to the Swamp.
  9866 | Lair:3   | Noticed a ghost crab
  9866 | Lair:3   | Noticed a ghost crab
  9866 | Lair:3   | XOM: noise
  9886 | Lair:3   | XOM: noise
  9898 | Lair:3   | Killed a ghost crab
  9917 | Lair:3   | Noticed a death yak
  9918 | Lair:3   | Noticed a death yak
  9918 | Lair:3   | Noticed a death yak
  9919 | Lair:3   | Noticed a death yak
  9919 | Lair:3   | Noticed a death yak
  9931 | Lair:3   | Killed a death yak
  9933 | Lair:3   | XOM: cleaving
  9936 | Lair:3   | Killed a death yak
  9945 | Lair:3   | Killed a death yak
  9947 | Lair:3   | Killed a death yak
  9956 | Lair:3   | Killed a death yak
 10277 | Lair:3   | Noticed a five-headed hydra
 10289 | Lair:3   | Killed a five-headed hydra
 10350 | Lair:3   | Identified the +0 leather armour of Pessimism {^Drain rF-
                  | rC+++ Int+5}
 10495 | Lair:3   | Found a hole to the Spider Nest.
 10497 | Lair:3   | XOM: swap monsters
 10730 | Lair:3   | XOM: 5-stop teleportation journey
 10885 | Lair:3   | Killed a ghost crab
 10953 | Lair:4   | Reached XP level 13. HP: 162/162 MP: 12/12
 10953 | Lair:4   | Found a frozen archway.
 11003 | Lair:4   | Found a staircase to the Slime Pits.
 11007 | Lair:4   | Found a viscous altar of Jiyva.
 11022 | Lair:4   | Fell from the grace of Xom
 11022 | Lair:4   | Became a worshipper of Jiyva Jesiolet the Shapeless
 11277 | Lair:3   | XOM: torment (72/163 hp)
 11697 | Lair:4   | Reached * piety under Jiyva
 11808 | Lair:4   | XOM: give mutations
 11808 | Lair:4   | Gained mutation: Your body sometimes deteriorates upon
                  | taking damage. [Xom's mischief]
 11808 | Lair:4   | Lost mutation: Your body sometimes deteriorates upon taking
                  | damage. [Xom's mischief]
 11808 | Lair:4   | Gained mutation: You are completely covered in iridescent
                  | scales. (AC +6) [Xom's mischief]
 12087 | Lair:5   | Entered Level 5 of the Lair of Beasts
 12141 | Lair:4   | Reached skill level 13 in Unarmed Combat
 12223 | Lair:5   | Noticed a dire elephant
 12224 | Lair:5   | Noticed a dire elephant
 12495 | D:11     | XOM: 3-stop teleportation journey
 12844 | D:12     | Reached ** piety under Jiyva
 12982 | D:12     | Found a glowing golden altar of the Shining One.
 13041 | D:12     | Noticed Josephine
 13054 | D:12     | Killed Josephine
 13069 | D:12     | Found a gate leading to a gauntlet.
 13112 | Gauntlet | Entered a Gauntlet
 13112 | Gauntlet | Found a transporter.
 13112 | Gauntlet | Found a transporter.
 13114 | Gauntlet | Found a transporter.
 13117 | Gauntlet | Found a transporter.
 13117 | Gauntlet | Found a transporter.
 13124 | Gauntlet | Found a transporter.
 13125 | Gauntlet | Found a transporter.
 13126 | Gauntlet | Found a transporter.
 13128 | Gauntlet | Found a transporter.
 13128 | Gauntlet | Noticed a green death
 13136 | Gauntlet | Found a transporter.
 13136 | Gauntlet | Found a transporter.
 13164 | Gauntlet | Reached *** piety under Jiyva
 13189 | Gauntlet | Found a transporter.
 13242 | Gauntlet | Lost mutation: You are very robust. (+20% HP) [Jiyva's
                  | grace]
 13242 | Gauntlet | Lost mutation: You are robust. (+10% HP) [Jiyva's grace]
 13242 | Gauntlet | Lost mutation: You expend magic power (3 MP) to strengthen
                  | your wands. [Jiyva's grace]
 13242 | Gauntlet | Gained mutation: You are agile. (Dex +4, Str/Int -1)
                  | [Jiyva's grace]
 13242 | Gauntlet | Gained mutation: You are very agile. (Dex +8, Str/Int -2)
                  | [Jiyva's grace]
 13242 | Gauntlet | Gained mutation: You are somewhat resistant to further
                  | mutation. [Jiyva's grace]
 13242 | Gauntlet | Gained mutation: You are somewhat resistant to both further
                  | mutation and mutation removal. [Jiyva's grace]
 13331 | Gauntlet | Reached skill level 1 in Throwing
 13358 | Gauntlet | Noticed a minotaur
 13365 | Gauntlet | Killed a minotaur
 13378 | Gauntlet | Identified the +0 cloak of the Skies Above {rElec Will+
                  | Str-3}
 13532 | D:12     | Found a staircase to the Orcish Mines.
 13579 | D:12     | Noticed Kirke
 13729 | D:12     | Noticed Nergalle
 13734 | D:12     | Killed Nergalle
 13828 | D:12     | Killed Kirke
 14015 | Orc:1    | Entered Level 1 of the Orcish Mines
 14151 | Orc:1    | XOM: silly message
 14202 | Orc:1    | Reached XP level 14. HP: 137/146 MP: 13/13
 14396 | Orc:1    | Reached **** piety under Jiyva
 14531 | Orc:1    | XOM: silly message
 14683 | Orc:1    | XOM: silly message
 14729 | Orc:2    | Entered Level 2 of the Orcish Mines
 14799 | Orc:2    | Noticed Erolcha
 14823 | Orc:1    | Killed Erolcha
 15005 | Orc:2    | Found Gure's Armour Shop.
 15015 | Orc:2    | XOM: blink monster(s)
 15046 | Orc:2    | Found Mexah's Armour Shop.
 15078 | Orc:2    | XOM: noise
 15104 | Orc:2    | Found Lewkuack's Jewellery Emporium.
 15220 | Orc:2    | Found a staircase to the Elven Halls.
 15275 | Orc:2    | Reached ***** piety under Jiyva
 15393 | Orc:2    | Lost mutation: You have a pair of horns on your head.
                  | [Jiyva's grace]
 15393 | Orc:2    | Lost mutation: You have a pair of small horns on your head.
                  | [Jiyva's grace]
 15393 | Orc:2    | Lost mutation: You are very agile. (Dex +8, Str/Int -2)
                  | [Jiyva's grace]
 15393 | Orc:2    | Lost mutation: You are resistant to electric shocks.
                  | (rElec) [Jiyva's grace]
 15393 | Orc:2    | Gained mutation: You have a small jelly attached to you
                  | that senses nearby items. [Jiyva's grace]
 15393 | Orc:2    | Gained mutation: Your system is resistant to poisons.
                  | (rPois) [Jiyva's grace]
 15393 | Orc:2    | Gained mutation: You expend magic power (3 MP) to
                  | strengthen your wands. [Jiyva's grace]
 15393 | Orc:2    | Gained mutation: You are partially covered in large bone
                  | plates. (SH +4) [Jiyva's grace]
 15671 | Orc:2    | Found Ruxah's Antique Armour Boutique.
 15680 | Orc:2    | Bought a kite shield for 162 gold pieces
 15680 | Orc:2    | Bought an embroidered cloak for 270 gold pieces
 15840 | D:13     | Reached skill level 1 in Shields
 15847 | D:13     | Reached skill level 14 in Unarmed Combat
 16184 | D:13     | Noticed Jorgrun
 16204 | D:13     | Killed Jorgrun
 16290 | D:13     | Noticed Sonja
 16291 | D:13     | Sonja changed into Sonja the hornet
 16291 | D:13     | Noticed Sonja
 16295 | D:13     | Killed Sonja the hornet
 16444 | D:13     | Found a gate to the Vaults.
 16662 | D:10     | XOM: god gift: plate armour {god gift}
 16721 | Swamp:1  | Entered Level 1 of the Swamp
 16728 | Swamp:1  | Noticed a tentacled monstrosity
 16748 | Swamp:1  | Killed a tentacled monstrosity
 16828 | Swamp:1  | Reached XP level 15. HP: 126/157 MP: 14/14
 16830 | Swamp:1  | Noticed a thorn hunter
 16849 | Swamp:1  | Killed a thorn hunter
 17056 | Swamp:1  | Reached skill level 5 in Throwing
 17113 | Swamp:1  | Reached ****** piety under Jiyva
 17230 | Swamp:2  | Noticed a thorn hunter
 17235 | Swamp:2  | Killed a thorn hunter
 17252 | Swamp:2  | Lost mutation: You are completely covered in iridescent
                  | scales. (AC +6) [Jiyva's grace]
 17252 | Swamp:2  | Lost mutation: You are somewhat resistant to both further
                  | mutation and mutation removal. [Jiyva's grace]
 17252 | Swamp:2  | Lost mutation: You heal very quickly. [Jiyva's grace]
 17252 | Swamp:2  | Lost mutation: You have a small jelly attached to you that
                  | senses nearby items. [Jiyva's grace]
 17252 | Swamp:2  | Lost mutation: You are somewhat resistant to further
                  | mutation. [Jiyva's grace]
 17252 | Swamp:2  | Gained mutation: You have hidden genetic potential.
                  | [Jiyva's grace]
 17252 | Swamp:2  | Gained mutation: You have great hidden genetic potential.
                  | [Jiyva's grace]
 17252 | Swamp:2  | Gained mutation: You are covered in slimy tendrils that may
                  | disarm your opponents. [Jiyva's grace]
 17252 | Swamp:2  | Gained mutation: A frigid envelope surrounds you and
                  | freezes all who hurt you. [Jiyva's grace]
 17272 | Swamp:2  | XOM: summons 2 hostile shadow creatures
 17409 | Swamp:2  | Reached skill level 5 in Shields
 17562 | Swamp:2  | Noticed a fenstrider witch
 17567 | Swamp:2  | Slimified a fenstrider witch
 17567 | Swamp:2  | a fenstrider witch changed into an azure jelly
 17567 | Swamp:2  | Noticed an azure jelly
 17660 | Swamp:2  | Noticed a fenstrider witch
 17664 | Swamp:2  | Killed a fenstrider witch
 17846 | Swamp:2  | Identified the +2 ring mail of Heresy {rPois}
 18190 | Swamp:2  | XOM: noise
 18473 | Swamp:2  | XOM: summons 7 hostile demons
 18635 | Swamp:2  | XOM: summons 13 hostile demons
 18706 | Swamp:3  | Noticed Mlioglotl
 18712 | Swamp:3  | Noticed a tentacled starspawn
 18712 | Swamp:3  | Noticed a bone dragon
 18827 | Swamp:3  | Found a hide-covered altar of Uskayaw.
 18842 | Swamp:3  | XOM: summons 2 hostile demons
 18982 | Swamp:3  | Noticed Mara
 18985 | Swamp:3  | Noticed Arex's illusion
 18997 | Swamp:3  | Killed Mara
 19057 | Swamp:3  | Killed Mlioglotl
 19374 | Swamp:4  | Entered Level 4 of the Swamp
 19376 | Swamp:4  | Lost mutation: You are partially covered in large bone
                  | plates. (SH +4) [Jiyva's grace]
 19376 | Swamp:4  | Lost mutation: You are agile. (Dex +4, Str/Int -1) [Jiyva's
                  | grace]
 19376 | Swamp:4  | Lost mutation: A frigid envelope surrounds you and freezes
                  | all who hurt you. [Jiyva's grace]
 19376 | Swamp:4  | Lost mutation: Your muscles are strong. (Str +4, Int/Dex
                  | -1) [Jiyva's grace]
 19376 | Swamp:4  | Lost mutation: You are covered in slimy tendrils that may
                  | disarm your opponents. [Jiyva's grace]
 19376 | Swamp:4  | Lost mutation: You expend magic power (3 MP) to strengthen
                  | your wands. [Jiyva's grace]
 19376 | Swamp:4  | Gained mutation: Your muscles are strong. (Str +4, Int/Dex
                  | -1) [Jiyva's grace]
 19376 | Swamp:4  | Gained mutation: Your muscles are very strong. (Str +8,
                  | Int/Dex -2) [Jiyva's grace]
 19376 | Swamp:4  | Gained mutation: You have acidic saliva. [Jiyva's grace]
 19376 | Swamp:4  | Gained mutation: You are completely covered in iridescent
                  | scales. (AC +6) [Jiyva's grace]
 19414 | Swamp:4  | an eight-headed hydra changed into an acid blob
 19414 | Swamp:4  | Noticed an acid blob
 19756 | Swamp:4  | Reached XP level 16. HP: 156/167 MP: 15/15
 19773 | Swamp:4  | Killed a thorn hunter
 19813 | Swamp:4  | Killed an acid blob
 19877 | Swamp:3  | XOM: polymorph jelly -> blink frog
 19928 | Swamp:3  | Reached skill level 10 in Armour
 20033 | Swamp:4  | Gained mutation: Your flesh is heat resistant. (rF+)
                  | [hidden potential]
 20063 | Swamp:4  | Reached skill level 15 in Unarmed Combat
 20389 | Swamp:4  | Noticed a thorn hunter
 20400 | Swamp:4  | Killed a thorn hunter
 20579 | Swamp:4  | Noticed a thorn hunter
 20589 | Swamp:4  | Killed a thorn hunter
 21029 | Swamp:4  | Got a decaying rune of Zot
 21201 | Spider:1 | Entered Level 1 of the Spider Nest
 21587 | Spider:1 | Noticed Donald
 21597 | Spider:1 | Killed Donald
 21618 | Spider:1 | XOM: give mutation
 21618 | Spider:1 | Gained mutation: You are strong-willed. (Will+) [Xom's
                  | mischief]
 22000 | Spider:1 | XOM: summons 4 hostile demons
 22015 | Spider:1 | Noticed Qyadack's ghost (adept HOFi)
 22043 | Spider:1 | Found a runed translucent gate.
 22043 | Spider:1 | Found a runed translucent gate.
 22045 | Spider:1 | Found a runed translucent gate.
 22089 | Spider:1 | XOM: give mutations
 22089 | Spider:1 | Lost mutation: Your system is resistant to poisons. (rPois)
                  | [Xom's mischief]
 22089 | Spider:1 | Lost mutation: Your mind is acute. (Int +4, Str/Dex -1)
                  | [Xom's mischief]
 22187 | Spider:2 | Noticed Nikola
 22215 | Spider:2 | Killed Nikola
 22291 | Spider:2 | XOM: 2-stop teleportation journey
 22331 | Spider:2 | Noticed Louise
 22375 | Spider:1 | XOM: give mutations
 22375 | Spider:1 | Lost mutation: You possess an exceptional clarity of mind.
                  | [Xom's mischief]
 22375 | Spider:1 | Gained mutation: Armour fits poorly on your strangely
                  | shaped body. [Xom's mischief]
 22381 | Spider:1 | Killed Louise
 22382 | Spider:1 | Reached XP level 17. HP: 178/178 MP: 16/16
 22555 | Spider:2 | Lost mutation: You are completely covered in iridescent
                  | scales. (AC +6) [Jiyva's grace]
 22555 | Spider:2 | Gained mutation: Your system is resistant to poisons.
                  | (rPois) [Jiyva's grace]
 22555 | Spider:2 | Gained mutation: Armour fits poorly on your pseudopods.
                  | [Jiyva's grace]
 22555 | Spider:2 | Gained mutation: Armour fits poorly on your large
                  | pseudopods. [Jiyva's grace]
 22555 | Spider:2 | Gained mutation: Armour fits poorly on your massive
                  | pseudopods. [Jiyva's grace]
 22589 | Spider:2 | XOM: cloud trail
 23351 | Spider:2 | Lost mutation: You are mostly covered in iridescent scales.
                  | (AC +4) [potion of mutation]
 23351 | Spider:2 | Lost mutation: You have acidic saliva. [potion of mutation]
 23351 | Spider:2 | Lost mutation: You are strong-willed. (Will+) [potion of
                  | mutation]
 23352 | Spider:2 | Lost mutation: Your muscles are very strong. (Str +8,
                  | Int/Dex -2) [potion of mutation]
 23352 | Spider:2 | Lost mutation: Your muscles are strong. (Str +4, Int/Dex
                  | -1) [potion of mutation]
 23352 | Spider:2 | Gained mutation: Your body sometimes deteriorates upon
                  | taking damage. [potion of mutation]
 23352 | Spider:2 | Gained mutation: You passively map a small area around you.
                  | [potion of mutation]
 23368 | Spider:3 | Noticed Zosacw's ghost (adept HaHu)
 23371 | Spider:3 | Found a transporter.
 23373 | Spider:3 | Found a transporter.
 23453 | Spider:3 | XOM: 1-stop teleportation journey
 23575 | Spider:3 | XOM: give mutations
 23575 | Spider:3 | Lost mutation: Your body sometimes deteriorates upon taking
                  | damage. [Xom's mischief]
 23575 | Spider:3 | Lost mutation: You passively map a small area around you.
                  | [Xom's mischief]
 23575 | Spider:3 | Gained mutation: You are dopey. (Int -2) [Xom's mischief]
 23575 | Spider:3 | Gained mutation: You are clumsy. (Dex -2) [Xom's mischief]
 23575 | Spider:3 | Was forgiven by Xom
 23876 | Spider:3 | Lost mutation: Armour fits poorly on your massive
                  | pseudopods. [potion of mutation]
 23876 | Spider:3 | Lost mutation: Armour fits poorly on your strangely shaped
                  | body. [potion of mutation]
 23876 | Spider:3 | Gained mutation: You sometimes lose your temper in combat.
                  | [potion of mutation]
 23898 | Spider:3 | Gained mutation: You have very sharp teeth. [hidden
                  | potential]
 23898 | Spider:3 | Lost mutation: You have great hidden genetic potential.
                  | [hidden potential expressed]
 23987 | Spider:3 | Found a hide-covered altar of Uskayaw.
 24391 | Spider:3 | Paralysed by a jorogumo for 3 turns
 24609 | Slime:1  | Entered Level 1 of the Pits of Slime
 24609 | Slime:1  | Noticed an acid blob
 24668 | Slime:5  | Entered Level 5 of the Pits of Slime
 24669 | Slime:5  | Found a viscous altar of Jiyva.
 24671 | Slime:5  | Noticed an acid blob
 24690 | Slime:5  | Got the Parchment of Chilblains
 24693 | Slime:5  | Identified the +7 falchion "Fuaguot" {pain, rElec Dex+3}
 24702 | Slime:5  | Got a starry gem with 509 turns to spare
 24709 | Slime:5  | Got a slimy rune of Zot
 24728 | Slime:5  | Identified the +0 chain mail "Zakhid" {Fly rC- rN+}
 24734 | Slime:4  | Noticed an acid blob
 25037 | Spider:3 | Reached skill level 10 in Shields
 25242 | Spider:3 | HP: 7/235 [poisoned by a redback]
 25243 | Spider:3 | Succumbed to a redback's poison

Illustrated notes

Levels and vault maps discovered:
D:1:      arrival_aquarium_a, layout_basic, serial_shops, shop,
          wad_floor_pattern_1, minmay_lizard_pond
D:2:      layout_rooms, basic_ecumenical_altar, basic_altar,
          palyth_stone_intersect
D:3:      layout_rooms, lemuel_round_altar, serial_shops, shop, uniq_robin,
          uniq_jessica, uniq_sigmund
D:4:      cheibrodos_greedy_goblins, layout_cave_pools, serial_shops,
          nicolae_shop_bloodbath_and_beyond
D:5:      layout_loops_ring, grunt_temple_overflow_open, uniq_edmund,
          uniq_menkaure
D:6:      layout_loops_ring, minmay_temple_entry_poolview, uniq_maggie,
          uniq_prince_ribbit1
D:7:      minmay_bubble_buster, layout_basic, mainiacjoe_overflow_chevrons,
          eino_tiny_chamber, hangedman_decor_push
D:8:      kennysheep_kobold_camp, layout_basic, enter_bailey_2, uniq_pikel
D:9:      layout_basic, uniq_maurice, uniq_grum
D:10:     layout_rooms, minitemple, dpeg_oklobed_lair, uniq_snorg
D:11:     layout_basic
D:12:     layout_cave_pools, erik_orc_3, gauntlet_entry_generic, st_stairs_9,
          nicolae_tso_carved_into_rock, uniq_kirke, uniq_josephine,
          uniq_nergalle
D:13:     layout_basic, hangedman_vaults_entry_quadrant_bands,
          grunt_ministairs_4, uniq_sonja, uniq_jorgrun
Temple:   nicolae_temple_bog_church
Lair:1:   layout_gridlike, basic_altar, serial_bayou_shore_b,
          serial_bayou_shore_a, uniq_jeremiah, uniq_fannar
Lair:2:   layout_concentric_octagons
Lair:3:   layout_loops_ring, nicolae_swamp_entry_spooky,
          nicolae_spider_entry_orb_guardian
Lair:4:   layout_regular_city, nicolae_slime_entry_slimehenge,
          portal_ice_cave_rime
Lair:5:   due_jungle_book, layout_gridlike, basic_altar, minivault_23,
          grunt_megastairs_5
Swamp:1:  layout_basic_swamp, hangedman_swamp_pad, nicolae_swamp_tree_isthmus
Swamp:2:  nicolae_swamp_secret_spriggan_hideout, layout_falls_marsh,
          nicolae_swamp_triple_paths, swamp_pool_3,
          beargit_guarded_unrand_captain_cutlass
Swamp:3:  layout_falls_marsh, nicolae_swamp_godswood,
          nicolae_swamp_dense_foliage, nicolae_swamp_long_stream,
          nicolae_swamp_decorative_isthmus, uniq_mara, uniq_mlioglotl
Swamp:4:  swamp_fiery, layout_basic_swamp, swamp_pool_5, nicolae_swamp_no_escape
Spider:1: layout_spider_delve, gammafunk_ghost_split,
          nicolae_spider_nooks_and_crannies, uniq_donald
Spider:2: layout_chambers, hangedman_spider_tarantella_strand, uniq_nikola,
          uniq_louise
Spider:3: nicolae_spider_obnoxious_hallway, gammafunk_ghost_mausoleum,
          nicolae_spider_altar_of_dancing
Slime:1:  layout_caves
Slime:2:  layout_caves, basic_altar
Slime:3:  layout_caves
Slime:4:  layout_caves
Slime:5:  slime_pit_nicolae_jellycorners
Orc:1:    layout_caves, statue_in_the_mist_lemuel, nooodl_orcs_dogs
Orc:2:    hellmonk_orc_salted, layout_caves, basic_altar,
          nicolae_orc_crystal_geode, uniq_erolcha

Skill      XL: |  1  2  3  4  5  6  7  8  9 10 11 12 13 14 15 16 17 |
---------------+----------------------------------------------------+-----
Dodging        | 2 3 6 7 8 9 10 11 12 13 | 13.2
Fighting       | 3 6 7 8 9 10 11 12 13 | 13.5
Unarmed Combat | 4 8 9 10 11 12 13 14 15 | 15.7
Armour         | 1 3 5 7 8 9 10 | 10.9
Throwing       | 2 4 6 7 |  7.6
Shields        | 3 6 9 10 | 10.1

Action                     |  1- 3 |  4- 6 |  7- 9 | 10-12 | 13-15 | 16-18 || total
---------------------------+-------+-------+-------+-------+-------+-------++-------
  Melee: Unarmed           |    69 |     9 |   285 |   540 |  1187 |   693 ||  2783
         Headbutt          |     2 |     1 |    36 |   105 |   104 |       ||   248
         Kick              |       |       |    43 |       |       |       ||    43
         Punch             |       |       |     8 |    35 |    44 |       ||    87
         Bite              |       |       |     3 |       |     9 |    91 ||   103
         Trident           |       |       |       |    14 |    40 |    69 ||   123
         Pseudopods        |       |       |       |       |       |    43 ||    43
  Throw: Large rock        |       |       |       |       |     5 |     1 ||     6
 Invoke: Oozemancy         |       |       |       |       |     1 |       ||     1
         Slimify           |       |       |       |       |     5 |     1 ||     6
  Evoke: Wand              |       |       |       |    14 |     4 |     2 ||    20
         Condenser vane    |       |       |       |       |     1 |     1 ||     2
         Phantom mirror    |       |       |       |       |       |     1 ||     1
    Use: Scroll            |       |     2 |     9 |    12 |     3 |    11 ||    37
         Potion            |       |     1 |     1 |     7 |     3 |     6 ||    18
   Stab: Invisible         |       |       |       |     8 |       |       ||     8
         Sleeping          |       |       |       |     1 |       |     1 ||     2
         Confused          |       |       |       |       |     2 |       ||     2
 Armour: Robe              |    52 |     5 |   100 |       |       |       ||   157
         Steam dragon scal |       |       |    49 |   242 |       |       ||   291
         Troll leather arm |       |       |       |   304 |   364 |       ||   668
         Fire dragon scale |       |       |       |       |   632 |   917 ||  1549
         Shadow dragon sca |       |       |       |       |       |    26 ||    26
  Dodge: Dodged            |    38 |     2 |   137 |   333 |   731 |   685 ||  1926
  Block: Kite shield       |       |       |       |       |   413 |   371 ||   784
         Other             |       |       |       |       |     1 |       ||     1
         Tower shield      |       |       |       |       |       |   211 ||   211
